 Dungeon Sprint DCSS version 0.21-a0-349-g0c35859 (webtiles) character file.

132 Kidiri the Cudgeler (level 4, 0/42 HPs)
             Began as a Draconian Gladiator on Oct 8, 2017.
             Slain by a human
             ... wielding a +3 spear
              (17 damage)
             ... in the Dungeon (Sprint III: "The Ten Rune Challenge").
             The game lasted 00:02:14 (561 turns).

Kidiri the Cudgeler (Draconian Gladiator)            Turns: 561, Time: 00:02:15

Health: 0/42       AC:  5    Str: 17    XL:     4   Next: 92%
Magic:  4/4        EV: 15    Int:  9    God:
Gold:   13         SH:  0    Dex: 14    Spells: 3/3 levels left

rFire    . . .     SeeInvis .   a - +0 flail
rCold    . . .     Gourm    .   (no shield)
rNeg     . . .     Faith    .   (armour unavailable)
rPois    .         Spirit   .   b - +0 hat
rElec    .         Reflect  .   (no cloak)
rCorr    .         Harm     .   (no gloves)
MR       .....     NoTele   +   (no boots)
Stlth    ++........             (no amulet)
HPRegen  0.14/turn              (no ring)
MPRegen  0.09/turn              (no ring)

@: no status effects
A: unfitting armour, camouflage 1, agile 1, evolution 1, cold-blooded, AC +5
a: no special abilities


You were in the Dungeon.
You were not hungry.

You visited 1 branch You collected 13 gold pieces.

Inventory:

Hand Weapons
 a - a +0 flail (weapon)
Missiles
 c - a throwing net (quivered)
Armour
 b - a +0 hat (worn)
Scrolls
 e - a scroll of holy word
 i - 3 scrolls of remove curse
 j - a scroll of blinking
 n - a scroll of torment {unknown}
Potions
 g - a potion of haste
 h - 2 potions of magic
 m - a potion of heal wounds
 o - a potion of flight
 p - 4 potions of mutation
Comestibles
 d - a bread ration
 l - 2 royal jellies


   Skills:
 * Level 5.0 Fighting
 * Level 6.5 Maces & Flails
 + Level 3.3 Throwing
 * Level 5.9 Dodging


You had 3 spell levels left.
You didn't know any spells.

Dungeon Overview and Level Annotations

Branches:
Dungeon (1/1)

Altars:
Okawaru
Trog
Uskayaw
Wu Jian
Beogh


Innate Abilities, Weirdness & Mutations

Your plain brown scales are hard. (AC +5)
You cannot fit into any form of body armour.
You are cold-blooded and may be slowed by cold attacks.
Your skin changes colour to match your surroundings (Stealth+).
You are agile. (Dex +2)
You evolve.


Message History

The human hits you with an enchanted spear!
Throwing (i - inventory):
c - 2 throwing nets (quivered)
Press: ? - help, Shift-Dir - straight line, f/p - human
Aim: a human, wielding an enchanted spear (berserk, fast, unusually strong)
You throw a throwing net. The throwing net hits the human.
The human is caught in the net!
The human struggles against the net. x2
You hit the human.
The human is lightly wounded.
The human struggles against the net.
You hit the human.
The human is lightly wounded.
The human struggles against the net.
The net rips apart, and the human comes free!
The human barely misses you.
The human hits you with an enchanted spear.
You hit the human.
The human is moderately wounded.
The human closely misses you. The human hits you.
The human hits you with an enchanted spear!
You die...

▓▓▓▓ ▓▓▓ (..#### ##.#
##### ......#####..#
#_p_# .......#..#..#
#__.#
#.##...#..#..###+#'###+##
#.###..##'#..#..@p.....(#
##.##..###...'.⌠.p......#
..##..####...#...######+#
..##.÷###....#.⌠.#
.##...##.....#...#
##....#......#+###
##..##.#.....#
#..#####....# ▓▓▓▓ ▓▓▓▓▓▓


You could see 2 humans.

Vanquished Creatures
  A water elemental (D)
  A scorpion (D)
  A human (D)
  4 rats (D)
7 creatures vanquished.

Vanquished Creatures (others)
  2 draconian scorchers (D)
  6 hellions (D)
  2 yaktaurs (D)
  5 plants (D)
15 creatures vanquished.

Grand Total: 22 creatures vanquished

Notes
Turn   | Place    | Note
-------+----------+-------------------------------------------
     0 | D        | Kidiri the Draconian Gladiator began the quest for the Orb.
     0 | D        | Reached XP level 1. HP: 17/17 MP: 1/1
    80 | D        | Reached skill level 4 in Maces & Flails
    80 | D        | Reached XP level 2. HP: 25/26 MP: 2/2
    85 | D        | Killed a hellion
    85 | D        | Killed a hellion
    86 | D        | Killed a hellion
   115 | D        | Killed a yaktaur
   116 | D        | Killed a yaktaur
   148 | D        | Killed a white draconian scorcher
   151 | D        | Killed a hellion
   163 | D        | Killed a hellion
   176 | D        | Noticed a scorpion
   180 | D        | HP: 1/26 [scorpion (10)]
   188 | D        | Killed a scorpion
   188 | D        | Reached skill level 5 in Maces & Flails
   188 | D        | Reached skill level 5 in Dodging
   188 | D        | Reached XP level 3. HP: 8/33 MP: 3/3
   188 | D        | Reached XP level 4. HP: 9/40 MP: 4/4
   211 | D        | Gained mutation: You occasionally shout uncontrollably at your foes. [potion of mutation]
   211 | D        | Gained mutation: You do not regenerate when monsters are visible. [potion of mutation]
   211 | D        | Gained mutation: Your spells are a little harder to cast, but a little more powerful. [potion of mutation]
   211 | D        | Killed a hellion
   212 | D        | Lost mutation: Your spells are a little harder to cast, but a little more powerful. [potion of mutation]
   212 | D        | Lost mutation: You occasionally shout uncontrollably at your foes. [potion of mutation]
   212 | D        | Lost mutation: You do not regenerate when monsters are visible. [potion of mutation]
   212 | D        | Gained mutation: You evolve. [potion of mutation]
   212 | D        | Gained mutation: You are agile. (Dex +2) [potion of mutation]
   217 | D        | Killed a white draconian scorcher
   472 | D        | Noticed a water elemental
   482 | D        | Killed a water elemental
   482 | D        | Reached skill level 5 in Fighting
   482 | D        | Reached skill level 6 in Maces & Flails
   552 | D        | Found an ornate altar of the Wu Jian Council.
   552 | D        | Found an iron altar of Okawaru.
   553 | D        | Found a roughly hewn altar of Beogh.
   553 | D        | Found a bloodstained altar of Trog.
   553 | D        | Found a hide-covered altar of Uskayaw.
   553 | D        | Noticed a human
   553 | D        | Noticed a human
   556 | D        | Gained mutation: Your skin changes colour to match your surroundings (Stealth+). [evolution]
   561 | D        | Slain by a human

Vault maps used:
D:        dungeon_sprint_mu

Skill      XL: |  1  2  3  4 |
---------------+-------------+-----
Dodging        | 4 5 |  5.9
Fighting       | 3 5 |  5.0
Maces & Flails | 4 5 6 |  6.5
Throwing       | 2 3 |  3.3

Action                   |  1- 3 |  4- 6 || total
-------------------------+-------+-------++-------
Melee: Flail             |    27 |     8 ||    35
       Tailslap          |     5 |     2 ||     7
Throw: Throwing net      |       |     2 ||     2
  Use: Potion            |     3 |     2 ||     5
       Scroll            |       |     2 ||     2
Armor: Skin              |     5 |       ||     5
Dodge: Dodged            |    17 |     6 ||    23

Table legend:
 A = Spawn XP
 B = Non-spawn XP
 C = Spawn XP percentage of total XP
 D = Spawn monster count
 E = Non-spawn monster count
 F = Spawn count percentage of total count
 G = Total turns spent on level
                    A         B        C        D         E        F      G
               +---------+---------+-------+---------+---------+-------+---------
         Total |       0 |     189 |   0.0 |       0 |       7 |   0.0 |   561
               +---------+---------+-------+---------+---------+-------+---------
             D |       0 |     189 |   0.0 |       0 |       7 |   0.0 |   561
               +---------+---------+-------+---------+---------+-------+---------
